 Dungeon Crawl Stone Soup version 0.30-a0-702-gdf48620a09 (webtiles) character file.

Game seed: 3533241175815707310

149 lessens the Slasher (level 5, 0/61 HPs)
             Began as a Draconian Brigand on Jan 21, 2023.
             Was an Initiate of Trog.
             Succumbed to an adder's poison
             ... on level 4 of the Dungeon.
             The game lasted 00:03:58 (2499 turns).

lessens the Slasher (Draconian Brigand)             Turns: 2499, Time: 00:03:59

Health: 0/61       AC: 22    Str: 15    XL:     5   Next: 9%
Magic:  0/5        EV:  2    Int: 15    God:    Trog [......]
Gold:   180        SH:  0    Dex: 17    Spells: 4/4 levels left

rFire   . . .      SeeInvis .    a - +2 dagger
rCold   + . .      Faith    .    (no shield)
rNeg    . . .      Spirit   +    (body armour unavailable)
rPois   +          Reflect  .    (helmet currently unavailable)
rElec   .          Harm     .    (cloak currently unavailable)
rCorr   .          Rampage  .    (gloves currently unavailable)
Will    .....      Clarity  +    (boots currently unavailable)
Stlth   +++        NoTele   +    q - amulet of guardian spirit
HPRegen 0.30/turn                n - +6 ring of dexterity
MPRegen 0.09/turn                m - ring of protection from cold

@: mighty, lethally poisoned (0 -> -3), tree-form, hasted, very quick
A: stationary, stasis, torment immunity, boosted hp, AC +5, unfitting armour,
(cold-blooded), clarity, clever 1
a: Renounce Religion


You were on level 4 of the Dungeon.
You worshipped Trog.
Trog was noncommittal.
You were a tree.
You visited 1 branch of the dungeon, and saw 4 of its levels.

You collected 180 gold pieces.

Inventory:

Hand Weapons
 a - a +2 dagger (weapon)
 w - a +0 rapier
Missiles
 c - 20 poisoned darts (quivered)
 d - 3 curare-tipped darts
 i - 30 stones
Armour
 b - a +0 cloak (melded)
Jewellery
 l - a ring of resist corrosion
 m - a ring of protection from cold (right branch)
 n - a +6 ring of dexterity (left branch)
 q - an amulet of guardian spirit (around neck)
 r - an amulet of reflection
Scrolls
 e - 3 scrolls of identify {unknown}
 k - 2 scrolls of teleportation {unknown}
 o - a scroll of enchant weapon {unknown}
 p - a scroll of torment {unknown}
 s - a scroll of vulnerability {unknown}
 u - a scroll of fear {unknown}
 x - a scroll of blinking {unknown}
Potions
 f - a potion of mutation
 g - a potion of magic


   Skills:
 - Level 2.1 Fighting
 - Level 2.0(3.6) Short Blades
 + Level 4.8(5.0) Long Blades
 - Level 1.7 Throwing
 - Level 0.8 Dodging
 - Level 3.6 Stealth


You had 4 spell levels left.
You didn't know any spells.
Your spell library contained the following spells:

 Spells                   Type           Power      Damage    Failure   Level
 Necrotise                Necr           0%         1d4       26%         1
 Ozocubu's Armour         Ice            0%         N/A       63%         3
 Vampiric Draining        Necr           0%         2d6       63%         3
 Agony                    Necr           0%         N/A       100%        5
 Metabolic Englaciation   Hex/Ice        0%         N/A       100%        5
 Simulacrum               Ice/Necr       0%         N/A       100%        6


Dungeon Overview and Level Annotations

Branches:
Dungeon (4/15) Zot: 21523
 Temple: D:4-7

Altars:
Ashenzari
Nemelex Xobeh
Trog
Vehumet
Wu Jian


Innate Abilities, Weirdness & Mutations

You are a tree.
Your roots penetrate the ground, keeping you stationary.
You cannot be teleported.
You are immune to unholy pain and torment.
Your maximum health is greatly increased.
Your equipment is partially melded.
((Your plain brown scales are hard. (AC +5)))
You cannot fit into any form of body armour.
((You are cold-blooded and may be slowed by cold attacks.))
You possess an exceptional clarity of mind.
Your mind is acute. (Int +4, Str/Dex -1)


Message History

The adder bites you but does no damage.
You barely miss the adder.
The adder is severely wounded.
The adder bites you. The jelly attacks as you move away!
The jelly hits you but does no damage. The adder attacks as you move away!
The adder bites you but does no damage. The adder bites you.
You are poisoned.
The adder poisons you!
Okay, then.
It was a potion of mutation.
You feel extremely strange.
Your thoughts seem clearer.
You feel clever.
You feel sick. The adder bites you.
You are more poisoned.
The adder poisons you! The jelly hits you but does no damage.
It was a potion of magic.
Magic courses through your body.
You feel sick. The adder misses you. The jelly closely misses you.
It was a potion of cancellation.
You feel magically purged.
You feel sick. The adder misses you. The jelly barely misses you.
The adder barely misses you.
It was a potion of might.
You feel very mighty all of a sudden.
You feel sick. The adder bites you but does no damage.
The jelly barely misses you.
It was a potion of haste.
You feel yourself speed up.
You feel sick. The adder bites you but does no damage. The jelly hits you.
* * * LOW HITPOINT WARNING * * *
You are splashed with acid!
* * * LOW HITPOINT WARNING * * *
It was a potion of lignification.
You turn into a tree.
Your +0 cloak melds into your body.
Your roots penetrate the ground.
* * * LOW HITPOINT WARNING * * *
You feel sick. The adder bites you but does no damage.
Okay, then.
You closely miss the adder.
The adder is heavily wounded.
The jelly hits you but does no damage. The adder bites you but does no damage.
You puncture the adder!
You kill the adder!
Trog accepts your kill.
You die...

##.#.<## ##..o...#
#.....hh# ....#..J#
######### ....#...#
###..#..).## .##
.....##..#.......######
......[#..#...........##
...o#......##J†##+##..###
.....#.......#†♣#...#..#.#
.....####.....##.#._.#.##.#
...............###...###..#
...#........#####...##
.h##...#..........#..##
##..$..##.............#
..###..##...........#####
.. #........#.......##.###
#.#...........#.....#


You could see a jelly.

Vanquished Creatures
  A necrophage (D:3)
  4 adders
  A worm (D:3)
  A dart slug (D:3)
  An orc (D:3)
  5 ball pythons
  7 bats
  4 endoplasms
  2 giant cockroaches (D:3)
  9 goblins
  3 hobgoblins
  5 jackals (D:3)
  A quokka (D:1)
  6 kobolds
  4 rats
54 creatures vanquished.

Vanquished Creatures (others)
  3 plants (D:3)
3 creatures vanquished.

Grand Total: 57 creatures vanquished

Notes
Turn   | Place    | Note
-------+----------+-------------------------------------------
     0 | D:1      | lessens the Draconian Brigand began the quest for the Orb.
     0 | D:1      | Reached XP level 1. HP: 17/17 MP: 1/1
    73 | D:1      | Reached skill level 1 in Long Blades
   225 | D:1      | Reached XP level 2. HP: 21/24 MP: 2/2
   321 | D:1      | Reached skill level 2 in Long Blades
   930 | D:2      | Reached XP level 3. HP: 29/29 MP: 3/3
  1085 | D:2      | Reached skill level 3 in Long Blades
  2131 | D:3      | Reached XP level 4. HP: 36/36 MP: 4/4
  2277 | D:4      | Noticed a scorpion
  2317 | D:4      | Noticed a necrophage
  2345 | D:3      | Killed a necrophage
  2346 | D:3      | Reached skill level 4 in Long Blades
  2346 | D:3      | Reached XP level 5. HP: 29/41 MP: 3/5
  2411 | D:4      | Found an ornate altar of the Wu Jian Council.
  2411 | D:4      | Found a radiant altar of Vehumet.
  2412 | D:4      | Found a bloodstained altar of Trog.
  2422 | D:4      | Found a sparkling altar of Nemelex Xobeh.
  2426 | D:4      | Became a worshipper of Trog the Wrathful
  2448 | D:4      | Found a broken altar of Ashenzari.
  2492 | D:4      | Gained mutation: You possess an exceptional clarity of
                  | mind. [potion of mutation]
  2492 | D:4      | Gained mutation: Your mind is acute. (Int +4, Str/Dex -1)
                  | [potion of mutation]
  2496 | D:4      | HP: 1/41 [acid (6)]
  2499 | D:4      | Succumbed to an adder's poison

Illustrated notes

Levels and vault maps discovered:
D:1:      heliophobic_arrival_henge, layout_loops_ring,
          chequers_serial_rivers_micro_b
D:2:      layout_basic
D:3:      layout_basic, serial_bayou_ford_a
D:4:      layout_cave_pools, nicolae_ashenzari_skybound,
          nicolae_overflow_quartered_altars

Skill      XL: |  1  2  3  4 |
---------------+-------------+-----
Long Blades    | 1 2 3 4 |  4.8
Fighting       | |  2.1
Short Blades   | |  2.0
Throwing       | |  1.7
Dodging        | |  0.8
Stealth        | |  3.6

Action                   |  1- 3 |  4- 6 || total
-------------------------+-------+-------++-------
Melee: Dagger            |   142 |    60 ||   202
       Tailslap          |    15 |     9 ||    24
       Punch             |     2 |       ||     2
  Use: Potion            |       |     6 ||     6
 Stab: Sleeping          |     8 |       ||     8
Armor: Skin              |    48 |    34 ||    82
Dodge: Dodged            |    87 |    35 ||   122

Table legend: (Time is in decaauts)
 A = Elapsed time spent in this place.
 B = Non-inter-level travel time spent in this place.
 C = Inter-level travel time spent in this place.
 D = Time resting spent in this place.
 E = Time spent auto-exploring this place.
 F = Levels seen in this place.
 G = Mean time per level.
                   A        B        C        D        E       F      G
               +--------+--------+--------+--------+--------+-----+--------+
         Total |   2476 |   2281 |    195 |     56 |   1722 |   4 |  619.0 |
       Dungeon |   2476 |   2281 |    195 |     56 |   1722 |   4 |  619.0 |
               +--------+--------+--------+--------+--------+-----+--------+

Top non-repeatable levels by time:
     D:2: 849 daAuts
     D:1: 783 daAuts
     D:3: 726 daAuts
     D:4: 117 daAuts
